 Dungeon Crawl Stone Soup version 0.29-a0-617-g7a6b98fccd (webtiles) character file.

Game seed: 17082642975711327805

597 YayAnonymity the Shooter (level 7, -15/60 HPs)
             Began as a Minotaur Hunter on June 17, 2022.
             Demolished by an ogre
             ... wielding a +0 giant spiked club
              (25 damage)
             ... on level 4 of the Dungeon.
             The game lasted 00:05:18 (3765 turns).

YayAnonymity the Shooter (Minotaur Hunter)          Turns: 3765, Time: 00:05:18

Health: -15/60     AC:  7    Str: 15    XL:     7   Next: 17%
Magic:  6/6        EV: 11    Int:  6    God:
Gold:   414        SH:  0    Dex: 16    Spells: 6/6 levels left

rFire   . . .      SeeInvis .   a - +2 shortbow (venom)
rCold   . . .      Faith    .   (shield currently unavailable)
rNeg    . . .      Spirit   .   g - +0 scale mail
rPois   .          Reflect  .   (helmet restricted)
rElec   .          Harm     .   k - scarf {shadows}
rCorr   .          Rampage  .   (no gloves)
Will    .....                   (no boots)
Stlth   ..........              (no amulet)
HPRegen 0.20/turn               (no ring)
MPRegen 0.10/turn               (no ring)

@: no status effects
A: horns 2, retaliatory headbutt
a: no special abilities


You were on level 4 of the Dungeon.
You visited 1 branch of the dungeon, and saw 4 of its levels.
You also visited: Ossuary.

You collected 414 gold pieces.

Inventory:

Hand Weapons
 a - a +2 shortbow of venom (weapon)
 b - a +2 short sword of speed
Armour
 g - a +0 scale mail (worn)
 k - a scarf of shadows (worn)
Jewellery
 l - a ring of protection from fire
Scrolls
 c - a scroll of immolation
 o - a scroll of blinking
 p - a scroll of magic mapping
 s - 3 scrolls of vulnerability
Potions
 d - 4 potions of mutation
 e - 2 potions of flight
 f - a potion of lignification {unknown}
 h - 4 potions of curing
 i - 2 potions of berserk rage
 j - 3 potions of invisibility
 m - 2 potions of magic
 n - 4 potions of attraction
 u - a potion of heal wounds {unknown}


   Skills:
 + Level 4.7 Fighting
 * Level 6.9 Bows
 + Level 3.7 Armour
 + Level 4.3 Dodging
 - Level 1.0 Stealth


You had 6 spell levels left.
You didn't know any spells.
Your spell library contained the following spells:

 Spells                   Type           Power      Damage    Failure   Level
 Shock                    Conj/Air       0%         1d3       88%         1
 Dazzling Flash           Conj/Hex       0%         N/A       99%         3
 Swiftness                Air            0%         N/A       99%         3
 Airstrike                Air            0%         N/A       100%        4
 Agony                    Necr           0%         N/A       100%        5
 Silence                  Hex/Air        0%         N/A       100%        5


Dungeon Overview and Level Annotations

Branches:
Dungeon (4/15)            Ossuary (visited)
 Temple: D:4-7

Altars:

Shops:
D:4 !


Innate Abilities, Weirdness & Mutations

You have a pair of horns on your head.
You reflexively headbutt those who attack you in melee.


Message History

Found a stone staircase leading up.
The gnoll shouts!
You hear a shout!
An ogre comes into view. It is wielding a +0 giant spiked club.
You shoot an arrow. The arrow hits the gnoll!
The gnoll is poisoned.
The gnoll is heavily wounded.
You shoot an arrow. The arrow barely misses the gnoll.
The arrow closely misses the gnoll.
The arrow hits the ogre.
The ogre is poisoned.
The ogre is lightly wounded.
The gnoll hits you with a +0 club.
You shoot an arrow. The arrow hits the gnoll!
You kill the gnoll!
The gnoll hits you with a +0 club! The gnoll hits you but does no damage.
You shoot an arrow. The arrow hits the gnoll!
The gnoll is poisoned.
The gnoll is heavily wounded.
The gnoll hits you with a +0 club.
You shoot an arrow. The arrow barely misses the gnoll.
The gnoll hits you with a +0 club.
The ogre hits you with a +0 giant spiked club!!
You are too injured to fight recklessly!
You are too injured to fight recklessly!
You are too injured to fight recklessly!
The ogre attacks as you move away!
The ogre hits you with a +0 giant spiked club!
* * * LOW HITPOINT WARNING * * *
You kill the gnoll!
You are too injured to fight recklessly!
You are too injured to fight recklessly!
Shoot: a) +2 shortbow (venom)
Press: ? - help, Q - select action Shift-Dir - straight line, f - ogre
Aim: an ogre, wielding a +0 giant spiked club (moderately wounded, poisoned, 79% to hit)
You shoot an arrow. The arrow barely misses the ogre.
The ogre barely misses you.
Shoot: a) +2 shortbow (venom)
Press: ? - help, Q - select action Shift-Dir - straight line, f/p - ogre
Aim: an ogre, wielding a +0 giant spiked club (heavily wounded, poisoned, 79% to hit)
You shoot an arrow. The arrow hits the ogre.
The ogre looks even sicker.
The ogre is severely wounded.
The ogre hits you with a +0 giant spiked club!!
You die...

######################
......#.........@....#
......#..).....O...<.#
......'..............#
......##...##)).######
......##...##...#
##########
..)...#....#....#
#......#..
......#....#....#
#......#..
......##.(.#....#
#......#.. ......##.
#....# #......#..


You could see an ogre (very poisoned).

Vanquished Creatures
  Sigmund (D:3)
  An ogre (D:4)
  A hound (D:4)
  An orc wizard (D:3)
  8 mummies (Ossuary)
  5 adders
  4 gnolls
  A worm (D:3)
  5 dart slugs
  5 orcs (D:3)
  9 ball pythons
  9 endoplasms
  2 giant cockroaches (D:1)
  3 gnoll zombies (Ossuary)
  8 goblins
  8 hobgoblins
  7 jackals
  9 quokkas
  6 bats
  A frilled lizard (D:2)
  2 hobgoblin zombies (Ossuary)
  5 kobolds
  A kobold zombie (Ossuary)
  2 orc zombies (Ossuary)
  4 rats
108 creatures vanquished.

Vanquished Creatures (others)
  2 plants (D:4)
2 creatures vanquished.

Grand Total: 110 creatures vanquished

Notes
Turn   | Place    | Note
-------+----------+-------------------------------------------
     0 | D:1      | YayAnonymity the Minotaur Hunter began the quest for the
                  | Orb.
     0 | D:1      | Reached XP level 1. HP: 18/18 MP: 0/0
   146 | D:1      | Reached skill level 1 in Stealth
   156 | D:1      | Reached XP level 2. HP: 25/25 MP: 1/1
   335 | D:1      | Reached skill level 1 in Armour
   489 | D:1      | Reached XP level 3. HP: 30/30 MP: 2/2
   818 | D:1      | Reached skill level 5 in Bows
  1204 | D:2      | Found a faded altar of an unknown god.
  1371 | D:2      | Reached XP level 4. HP: 29/38 MP: 3/3
  2140 | D:3      | Reached XP level 5. HP: 45/45 MP: 4/4
  2335 | D:3      | Noticed Sigmund
  2340 | D:3      | Killed Sigmund
  2341 | D:3      | Reached skill level 6 in Bows
  2341 | D:3      | Reached XP level 6. HP: 44/52 MP: 5/5
  2921 | D:4      | Found Keizeileth's Distillery.
  2941 | D:4      | Found a sand-covered staircase.
  2953 | Ossuary  | Entered an ossuary
  3392 | D:4      | Reached XP level 7. HP: 19/60 MP: 6/6
  3765 | D:4      | Demolished by an ogre

Illustrated notes

Levels and vault maps discovered:
D:1:      psy_arrival_basics, layout_loops_cross
D:2:      layout_basic, ebering_ecumenical_altar_sacrificial,
          serial_corexii_hall, corexii_hall_statues_l,
          chequers_hall_statues_corner_a
D:3:      layout_loops_ring, hangedman_abyss_or_decor_lesser_grid, uniq_sigmund
D:4:      cheibrodos_quashed, layout_gridville, chequers_ossuary_entry_cave,
          serial_shops, shop_fountains, chequers_big_river, minmay_bisected

Skill      XL: |  1  2  3  4  5  6 |
---------------+-------------------+-----
Stealth        | 1 |  1.0
Armour         | 1 2 3 |  3.7
Fighting       | 3 4 |  4.7
Bows           | 5 6 |  6.9
Dodging        | 3 4 |  4.3

Action                   |  1- 3 |  4- 6 |  7- 9 || total
-------------------------+-------+-------+-------++-------
 Fire: Shortbow          |   112 |   139 |    20 ||   271
  Use: Scroll            |     3 |    14 |     1 ||    18
Armor: Leather armour    |     3 |       |       ||     3
       Scale mail        |    19 |    21 |     2 ||    42
Dodge: Dodged            |    36 |    42 |     2 ||    80

Table legend: (Time is in decaauts)
 A = Elapsed time spent in this place.
 B = Non-inter-level travel time spent in this place.
 C = Inter-level travel time spent in this place.
 D = Time resting spent in this place.
 E = Time spent auto-exploring this place.
 F = Levels seen in this place.
 G = Mean time per level.
                   A        B        C        D        E       F      G
               +--------+--------+--------+--------+--------+-----+--------+
         Total |   3878 |   3723 |    155 |     88 |   2903 |   5 |  775.6 |
       Dungeon |   3578 |   3423 |    155 |     88 |   2720 |   4 |  894.5 |
       Ossuary |    299 |    299 |      0 |      0 |    183 |   1 |  299.0 |
               +--------+--------+--------+--------+--------+-----+--------+

Top non-repeatable levels by time:
     D:2: 1053 daAuts
     D:1: 1015 daAuts
     D:4: 790 daAuts
     D:3: 719 daAuts
 Ossuary: 299 daAuts
